 Dungeon Crawl Stone Soup version 0.20.0-6-gd3061e9 (webtiles) character file.

396 cereshysteria the Insei (level 6, 0/51 HPs)
             Began as a Draconian Monk on May 28, 2017.
             Was a Believer of Cheibriados.
             Slain by Menkaure (11 damage)
             ... on level 4 of the Dungeon on May 29, 2017.
             The game lasted 00:06:22 (3533 turns).

cereshysteria the Insei (Draconian Monk)            Turns: 3533, Time: 00:06:23

Health: 0/51       AC:  9    Str: 17    XL:     6   Next: 52%
Magic:  6/6        EV: 13    Int: 14    God:    Cheibriados [**....]
Gold:   110        SH:  0    Dex: 20    Spells: 5/5 levels left

rFire    . . .     SeeInvis .     - Unarmed
rCold    . . .     Gourm    +   (no shield)
rNeg     . . .     Faith    .   (armour unavailable)
rPois    .         Spirit   .   (helmet restricted)
rElec    .         Reflect  .   (no cloak)
rCorr    .         Harm     .   (no gloves)
MR       .....                  (no boots)
Stlth    ++........             n - amulet of the gourmand
Regen    0.2/turn               h - +3 ring of protection
MPRegen  0.1/turn               (no ring)

@: about to teleport, very slow
A: unfitting armour, cold-blooded, AC +6
a: Bend Time, Renounce Religion


You were on level 4 of the Dungeon.
You worshipped Cheibriados.
Cheibriados was pleased with you.
You were not hungry.

You visited 1 branch of the dungeon, and saw 4 of its levels.

You collected 110 gold pieces.

Inventory:

Jewellery
 h - a +3 ring of protection (left hand)
 n - an amulet of the gourmand (around neck)
Scrolls
 e - 4 scrolls of identify
 i - a scroll of teleportation
 k - a scroll of immolation {unknown}
 m - a scroll of enchant armour {unknown}
Potions
 d - a potion of lignification
Comestibles
 a - 2 bread rations
 f - 3 royal jellies
 j - 4 fruits
 o - 3 meat rations


   Skills:
 - Level 3.2 Fighting
 - Level 2.6 Dodging
 - Level 1.7 Stealth
 + Level 7.4 Unarmed Combat


You had 5 spell levels left.
You didn't know any spells.

Dungeon Overview and Level Annotations

Branches:
Dungeon (4/15)             Temple (0/1) D:4

Altars:
Cheibriados
Dithmenos
Makhleb
Xom

Annotations:
D:4 Menkaure


Innate Abilities, Weirdness & Mutations

Your plain brown scales are hard. (AC +6)
You cannot fit into any form of body armour.
You are cold-blooded and may be slowed by cold attacks.


Message History

You barely miss Menkaure.
Menkaure is heavily damaged.
Menkaure hits you!
* * * LOW HITPOINT WARNING * * *
You completely miss Menkaure.
You tail-slap Menkaure, but do no damage.
Menkaure is heavily damaged.
Menkaure hits you.
* * * LOW HITPOINT WARNING * * *
As you read the scroll labeled NOAFRAE OSOIJ, it crumbles to dust.
You assume a fearsome visage.
Menkaure is unaffected.
It was a scroll of fear.
Menkaure closely misses you.
As you read the scroll labeled IRCHET VEUMOTHE, it crumbles to dust.
You feel aware of your surroundings.
It was a scroll of magic mapping.
Menkaure gestures ominously.
Menkaure closely misses you.
As you read the scroll labeled OWAGACK KICKY, it crumbles to dust.
You feel strangely unstable.
It was a scroll of teleportation.
Menkaure hits you!
You die...

*,,,,',,,,,,,,..,#***********###
*,,,,***######...# #..
**,,,,+,,,.%..M,..# ##########.#
,,,,,,****#...#...# #.........)#
,,,,,,* #....,..# #..........#
,,,,,,* #..###..####..........#
**,,,,*
###...................... ******
#.......######.........##
#......M@.......###.####*
#.......####.#### #.# *,,
#.......# #.#****###**,*
#.......# #.#*,,,**,,,,*
#.......# #.+,,>,*******
######### ###*,,,***** ******,,*
**,* *,*


You could see Menkaure.

Vanquished Creatures
  The ghost of cereshysteria the Poker, an amateur MfSk (D:4)
  The ghost of SedStubbie the Sneak, an amateur OpEn (D:3)
  A bullfrog skeleton (D:4)
  An iguana (D:4)
  5 adders
  A worm (D:2)
  2 dart slugs
  4 leopard geckos
  6 orcs
  4 bats
  2 giant cockroaches (D:1)
  14 goblins
  6 hobgoblins
  10 jackals
  9 kobolds
  A quokka (D:3)
  A ball python (D:1)
  3 frilled lizards
  6 rats
78 creatures vanquished.

Vanquished Creatures (others)
  5 dream sheep (D:3)
5 creatures vanquished.

Grand Total: 83 creatures vanquished

Notes
Turn   | Place    | Note
-------+----------+-------------------------------------------
     0 | D:1      | cereshysteria the Draconian Monk began the quest for the Orb.
     0 | D:1      | Reached XP level 1. HP: 19/19 MP: 1/1
   280 | D:1      | Reached XP level 2. HP: 26/26 MP: 2/2
   531 | D:2      | Reached skill level 4 in Unarmed Combat
   594 | D:2      | Reached XP level 3. HP: 26/31 MP: 3/3
   898 | D:2      | Reached XP level 4. HP: 33/38 MP: 4/4
  1195 | D:2      | Reached skill level 5 in Unarmed Combat
  1646 | D:3      | Found a shadowy altar of Dithmenos.
  1773 | D:3      | Noticed SedStubbie's ghost (amateur OpEn)
  1795 | D:3      | Killed SedStubbie's ghost
  1795 | D:3      | Reached skill level 6 in Unarmed Combat
  1795 | D:3      | Reached XP level 5. HP: 37/45 MP: 5/5
  1953 | D:3      | Found a snail-covered altar of Cheibriados.
  2012 | D:3      | Found a shimmering altar of Xom.
  2012 | D:3      | Noticed a dream sheep
  2012 | D:3      | Noticed a dream sheep
  2012 | D:3      | Noticed a dream sheep
  2012 | D:3      | Noticed a dream sheep
  2012 | D:3      | Noticed a dream sheep
  2018 | D:3      | Killed a dream sheep
  2018 | D:3      | Killed a dream sheep
  2018 | D:3      | Killed a dream sheep
  2018 | D:3      | Killed a dream sheep
  2020 | D:3      | Killed a dream sheep
  2266 | D:3      | Found a burning altar of Makhleb.
  2617 | D:3      | Became a worshipper of Cheibriados the Contemplative
  2617 | D:3      | Reached * piety under Cheibriados
  2617 | D:3      | Reached ** piety under Cheibriados
  2686 | D:4      | Noticed cereshysteria's ghost (amateur MfSk)
  2895 | D:4      | Killed cereshysteria's ghost
  2895 | D:4      | Reached skill level 7 in Unarmed Combat
  2895 | D:4      | Reached XP level 6. HP: 14/51 MP: 6/6
  3518 | D:4      | Noticed Menkaure
  3533 | D:4      | Slain by Menkaure

Skill      XL: |  1  2  3  4  5 |
---------------+----------------+-----
Unarmed Combat | 4 6 7 |  7.4
Fighting       | |  3.2
Dodging        | |  2.6
Stealth        | |  1.7

Action                   |  1- 3 |  4- 6 || total
-------------------------+-------+-------++-------
Melee: Unarmed           |   102 |   167 ||   269
       Tailslap          |    21 |    24 ||    45
       Punch             |     1 |       ||     1
  Use: Potion            |       |     3 ||     3
       Scroll            |       |     6 ||     6
 Stab: Sleeping          |     2 |     3 ||     5
  Eat: Chunk             |       |    10 ||    10
       Bread ration      |       |     1 ||     1
Armor: Skin              |    19 |    52 ||    71
Dodge: Dodged            |    57 |   107 ||   164
